 Dungeon Crawl Stone Soup version 0.30-a0-292-g0f741e3f8e (webtiles) character file.

Game seed: 17429229504235357086

93 pokeman the Magician (level 4, -2/25 HPs)
             Began as a Deep Elf Hedge Wizard on Oct 17, 2022.
             Slain by an orc
             ... wielding a +0 mace
              (5 damage)
             ... on level 2 of the Dungeon.
             The game lasted 00:04:47 (2908 turns).

pokeman the Magician (Deep Elf Hedge Wizard)        Turns: 2908, Time: 00:04:47

Health: -2/25      AC:  4    Str:  7    XL:     4   Next: 36%
Magic:  6/13       EV: 12    Int: 21    God:
Gold:   107        SH:  0    Dex: 14    Spells: 6/14 levels left

rFire   . . .      SeeInvis .    o - +0 war axe
rCold   . . .      Faith    .    (no shield)
rNeg    . . .      Spirit   .    j - +0 leather armour
rPois   .          Reflect  .    c - +0 hat
rElec   .          Harm     .    (no cloak)
rCorr   .          Rampage  .    (no gloves)
Will    .....                    l - +0 pair of boots
Stlth   ++........               (no amulet)
HPRegen 0.24/turn                (no ring)
MPRegen 0.13/turn                (no ring)

@: very slightly contaminated
A: no striking features
a: no special abilities


You were on level 2 of the Dungeon.
You visited 1 branch of the dungeon, and saw 3 of its levels.

You collected 107 gold pieces.

Inventory:

Hand Weapons
 o - a +0 war axe (weapon)
Armour
 c - a +0 hat (worn)
 j - a +0 leather armour (worn)
 l - a +0 pair of boots (worn)
Wands
 k - a wand of roots (8)
Scrolls
 h - a scroll of summoning {unknown}
 i - a scroll of blinking {unknown}
 m - 2 scrolls of amnesia {unknown}
 n - a scroll of enchant weapon {unknown}
Potions
 a - a potion of mutation {unknown}
 b - 2 potions of brilliance {unknown}
 d - 2 potions of magic
 e - a potion of berserk rage {unknown}
 f - 2 potions of curing {unknown}
 g - 2 potions of haste {unknown}
 p - a potion of flight {unknown}


   Skills:
 - Level 1.0 Fighting
 - Level 1.0 Armour
 + Level 2.7 Dodging
 + Level 2.7 Stealth
 * Level 5.6 Spellcasting
 + Level 2.2 Conjurations
 - Level 1.1 Summonings
 - Level 1.1 Translocations


You had 6 spell levels left.
You knew the following spells:

 Your Spells              Type           Power      Damage    Failure   Level
a - Magic Dart            Conj           60%        1d6       6%          1
b - Mephitic Cloud        Conj/Pois/Air  9%         N/A       32%         3
c - Call Imp              Summ           10%        N/A       14%         2
d - Blink                 Tloc           20%        N/A       14%         2

Your spell library contained the following spells:

 Spells                   Type           Power      Damage    Failure   Level
 Slow                     Hex            20%        N/A       14%         1
 Cigotuvi's Dreadful Rot  Necr/Pois/Air  10%        N/A       22%         2
 Frozen Ramparts          Ice            10%        1d2       41%         3
 Summon Ice Beast         Ice/Summ       8%         N/A       75%         4
 Ice Form                 Ice/Tmut       5%         N/A       82%         4


Dungeon Overview and Level Annotations

Branches:
Dungeon (3/15)

Altars:

Annotations:
D:3 Sigmund


Message History

The endoplasm freezes you.
You are frozen.
You climb upwards.
There is a stone staircase leading down, spattered with blood here.
Unknown command.
Unknown command.
Casting: Magic Dart (safe; 6% risk of failure)
Confirm with . or Enter, or press ? or * to list all spells.
You blink.
The endoplasm freezes you.
You are frozen.
* * * LOW HITPOINT WARNING * * *
Unknown command.
Casting: Blink (safe; 14% risk of failure)
Confirm with . or Enter, or press ? or * to list all spells.
The spell is extremely dangerous to miscast (32% risk of failure)!
Continue anyway?
Aiming: Mephitic Cloud (extremely dangerous; 32% risk of failure)
Press: ? - help, Shift-Dir - straight line, f - orc
Aim: an orc, wielding a +0 mace and quivering boomerangs (chance to affect: 96%) That beam is likely to hit you.
Continue anyway?
You miscast Mephitic Cloud.
You are very lightly contaminated with residual magic.
Nothing appears to happen.
The endoplasm hits you.
* * * LOW HITPOINT WARNING * * *
The endoplasm attacks as you move away! The endoplasm hits you.
* * * LOW HITPOINT WARNING * * *
Casting: Mephitic Cloud (extremely dangerous; 32% risk of failure)
Confirm with . or Enter, or press ? or * to list all spells.
A beastly little devil appears in a puff of flame.
Your crimson imp says, "You called?"
The endoplasm hits you.
* * * LOW HITPOINT WARNING * * *
Unknown command.
The orc attacks as you move away! The orc barely misses you.
Your crimson imp hits the orc.
Unknown command.
You swap places.
You feel stable enough to blink again. The endoplasm misses your crimson imp.
The orc hits you with a +0 mace.
You die...

.#.###########.........#
...............[##+#####
.#####.#.######.##.#
...............)>#.#
.#####.#.######..#.# .## #.#.#
#..#.# ..####.#.# #oJo.#
#...##.#.# #o5#.# .##....#.#
#.@#.# .####..#.# #..#.#
.......#.# #..#.#
.#####...######[)#.###########
.######......................#
#.........#####..#.#.#########
#.........### #..#.#.#
#.........'.# #..#.#.#
#.........#.# #..#.#.#


You could see 3 orcs, an endoplasm (ally target) and a friendly crimson imp
(summoned).

Vanquished Creatures
  3 adders
  2 dart slugs (D:1)
  2 orcs
  3 ball pythons (D:1)
  3 bats (D:1)
  An endoplasm (D:2)
  13 giant cockroaches (D:2)
  4 goblins
  A hobgoblin (D:1)
  6 jackals (D:2)
  3 quokkas (D:1)
  A frilled lizard (D:2)
  2 kobolds (D:1)
  6 rats
50 creatures vanquished.

Vanquished Creatures (collateral kills)
  An orc (D:2)
1 creature vanquished.

Grand Total: 51 creatures vanquished

Notes
Turn   | Place    | Note
-------+----------+-------------------------------------------
     0 | D:1      | pokeman the Deep Elf Hedge Wizard began the quest for the
                  | Orb.
     0 | D:1      | Reached XP level 1. HP: 10/10 MP: 7/7
   243 | D:1      | Reached XP level 2. HP: 16/16 MP: 3/9
   740 | D:1      | Reached skill level 5 in Spellcasting
  1215 | D:2      | Reached XP level 3. HP: 17/20 MP: 1/11
  1219 | D:2      | Learned a level 3 spell: Mephitic Cloud
  1222 | D:2      | Learned a level 2 spell: Call Imp
  1225 | D:2      | Learned a level 2 spell: Blink
  1584 | D:2      | Reached skill level 1 in Armour
  1693 | D:2      | Reached skill level 1 in Fighting
  1862 | D:2      | Reached XP level 4. HP: 25/25 MP: 3/13
  2699 | D:3      | Noticed Sigmund
  2908 | D:2      | Slain by an orc

Illustrated notes

Levels and vault maps discovered:
D:1:      minmay_arrival_nine_rooms, layout_loops_cross
D:2:      minmay_roachtagon, layout_basic, minmay_pentomino_t2
D:3:      layout_rooms, dreamdust_ecumenical_altar_hidden_monk_grotto,
          columned_hall_lemuel, roderic_lattice_a,
          chequers_serial_rivers_large_b, grunt_decor_one_mirror, uniq_jessica,
          uniq_sigmund

Skill      XL: |  1  2  3 |
---------------+----------+-----
Spellcasting   | 5 |  5.6
Armour         | 1 |  1.0
Fighting       | 1 |  1.0
Conjurations   | 2 |  2.2
Dodging        | |  2.7
Stealth        | |  2.7
Summonings     | |  1.1
Translocations | |  1.1

Action                   |  1- 3 |  4- 6 || total
-------------------------+-------+-------++-------
Melee: Dagger            |     3 |       ||     3
       Mace              |    21 |       ||    21
       War axe           |       |    10 ||    10
 Cast: Magic Dart        |   121 |    37 ||   158
       Mephitic Cloud    |       |     2 ||     2
       Blink             |       |     2 ||     2
       Call Imp          |       |     2 ||     2
 Stab: Confused          |       |     2 ||     2
Armor: Robe              |     6 |       ||     6
       Leather armour    |    22 |    10 ||    32
Dodge: Dodged            |    46 |    34 ||    80

Table legend: (Time is in decaauts)
 A = Elapsed time spent in this place.
 B = Non-inter-level travel time spent in this place.
 C = Inter-level travel time spent in this place.
 D = Time resting spent in this place.
 E = Time spent auto-exploring this place.
 F = Levels seen in this place.
 G = Mean time per level.
                   A        B        C        D        E       F      G
               +--------+--------+--------+--------+--------+-----+--------+
         Total |   2921 |   2852 |     69 |     92 |   2344 |   3 |  973.7 |
       Dungeon |   2921 |   2852 |     69 |     92 |   2344 |   3 |  973.7 |
               +--------+--------+--------+--------+--------+-----+--------+

Top non-repeatable levels by time:
     D:2: 1615 daAuts
     D:1: 1193 daAuts
     D:3: 113 daAuts
